Workbook
Name Print_Area_MI: '[1]SEC-A'!#REF!
Name Print_Area_MI: 'SEC-B'!#REF!
Name Print_Area_MI: 'SEC-C'!#REF!
Name Print_Area_MI: 'SEC-D'!#REF!
Name Print_Area_MI: 'SEC-E'!#REF!
Name Print_Area_MI: 'SEC-F'!#REF!
Name Print_Area_MI: SUMMARY!#REF!
Name Print_Area_MI: 'SEC-A'!#REF!

Sheet SUMMARY
A1: CLIENT: KOPANONG LOCAL MUNICIPALITY
A2: CONTRACT NO. MIG/FS1184/CF/17/19
A3: UPGRADING OF PHILIPPOLIS SPORTS FACILITY
A4: ENGINEER: SOLENG (PTY) LTD
A5: SCHEDULE: SUMMARY PAGE
A7: SECTION | B7: DESCRIPTION | C7: AMOUNT
A10: A | B10: PRELIMINARIES & GENERALS | C10: ='SEC-A'!H107 -> 116800
A12: B | B12: SITEWORKS, ROADS AND LANDSCAPING | C12: ='SEC-B'!H143 -> 0
A14: C | B14: ATHLETICS TRACK, SOCCER PITCH & COMBINATION COURTS | C14: ='SEC-C'!H154 -> 0
A16: D | B16: ='SEC-D'!A5 -> SCHEDULE D: CHANGE ROOMS | C16: ='SEC-D'!H410 -> 45000
A18: E | B18: ='SEC-E'!A5 -> SCHEDULE E: SECURITY GATE & TOILETS | C18: ='SEC-E'!H259 -> 30000
A20: F | B20: INTERCONNECTING PIPEWORK AND BOXES | C20: ='SEC-F'!H184 -> 0
A22: G | B22: GRAND STAND | C22: ='SEC - G'!H116 -> 195000
A24: H | B24: ='SEC - H'!A5 -> SCHEDULE H: CARETAKER HOUSE | C24: ='SEC - H'!H407 -> 15000
A26: I | B26: FENCING AND DETAILS | C26: ='SEC - I'!H57 -> 0
A28: SUB-TOTAL 1 | C28: =SUM(C9:C27) -> 401800
A29: PLUS: Allowance for 10% Contingencies | C29: =C28*0.1 -> 40180
A30: SUB-TOTAL 2 | C30: =C28+C29 -> 441980
A31: PLUS: Allowance for 15% VAT | C31: =C30*0.15 -> 66297
A32: TOTAL CONSTRUCTION COSTS CARRIED FORWARD TO PAGE OF OFFER | C32: =C30+C31 -> 508277

Sheet SEC-A
A1: CLIENT: KOPANONG LOCAL MUNICIPALITY
A2: CONTRACT NO. MIG/FS1184/CF/17/19
A3: UPGRADING OF PHILIPPOLIS SPORTS FACILITY
A4: ENGINEER: SOLENG (PTY) LTD
A5: SCHEDULE A: PRELIMINARY AND GENERAL
A7: ITEM | B7: PAYMENT | C7: DESCRIPTION | D7: LIC | E7: UNIT | F7: QTY | G7: RATE | H7: AMOUNT
A8: NO | B8: CLAUSE
A9: A.1 | B9: SANS
B10: 1200A | C10: FIXED CHARGED ITEMS
B11: 8.3
A12: A.1.1 | B12: 8.3.1 | C12: contractual requirements | E12: sum | F12: 1 | H12: =G12*F12 -> 0
B14: 8.3.2 | C14: ESTABLISH FACILITIES ON THE SITE
B15: 8.3.2.1 | C15: FACILITIES FOR THE ENGINEER
A17: A.1.2 | B17: PSAB 3.1 | C17: name board | E17: no | F17: 1 | H17: =G17*F17 -> 0
A18: A.1.3 | B18: PSAB 3.2 | C18: engineer's office and facilities as per clause PS AB 3.2 | E18: sum | F18: 1 | H18: =G18*F18 -> 0
A19: A.1.4 | B19: PSAB 4.1 | C19: telephone (provisional item) | E19: prov. Sum | F19: 1 | G19: 5000 | H19: =G19*F19 -> 5000
A20: A.1.5 | C20: contractor's mark up on Item A.1.4 above | E20: % | G20: =H19 -> 5000 | H20: =G20*F20 -> 0
B22: 8.3.2.2 | C22: FACILITIES FOR CONTRACTOR
A24: A.1.6 | C24: office and storage sheds | E24: sum | F24: 1 | H24: =G24*F24 -> 0
A25: A.1.7 | C25: workshops | E25: sum | F25: 1 | H25: =G25*F25 -> 0
A26: A.1.8 | C26: living accommodation | E26: sum | F26: 1 | H26: =G26*F26 -> 0
A27: A.1.9 | C27: ablution and toilet facilities | E27: sum | F27: 1 | H27: =G27*F27 -> 0
A28: A.1.10 | C28: tools and equipment | E28: sum | F28: 1 | H28: =G28*F28 -> 0
A29: A.1.11 | C29: water supply, eclectic power and communications | E29: sum | F29: 1 | H29: =G29*F29 -> 0
A30: A.1.12 | C30: dealing with water (sub clause PSA 5.5 & PS D 5.2.7) | E30: sum | F30: 1 | H30: =G30*F30 -> 0
A31: A.1.13 | C31: access | E31: sum | F31: 1 | H31: =G31*F31 -> 0
A32: A.1.14 | C32: other fixed charged obligations (please specify) | E32: sum | F32: 1 | H32: =G32*F32 -> 0
A33: A.1.15 | C33: remove engineer's and contractor's site establishment on | E33: sum | F33: 1 | H33: =G33*F33 -> 0
C34: completion of contract
A36: A.2 | B36: 8.4 | C36: TIME RELATED ITEMS
A38: A.2.1 | B38: 8.4.1 | C38: contractual requirements | E38: Months | F38: 4 | H38: =G38*F38 -> 0
B40: 8.4.2 | C40: OPERATION AND MAINTENANCE OF
C41: FACILITIES ON SITE FOR DURATION OF
C42: CONSTRUCTION
B44: 8.4.2.1 | C44: FACILITIES FOR ENGINEER
A46: A.2.2 | B46: PSAB 3.1 | C46: name board | E46: Months | F46: 4 | H46: =G46*F46 -> 0
A47: A.2.3 | B47: PSAB 3.2 | C47: engineer's office and facilities | E47: Months | F47: 4 | H47: =G47*F47 -> 0
A48: A.2.4 | B48: PSAB 4.1 | C48: telephone (provisional item) | E48: prov. Sum | F48: 1 | G48: =200*4 -> 800 | H48: =G48*F48 -> 800
A49: A.2.5 | C49: contractor's mark up on Item A.2.4 above | E49: % | G49: =H48 -> 800 | H49: =G49*F49 -> 0
B51: 8.4.2.2 | C51: FACILITIES FOR CONTRACTOR FOR THE DURATION OF
C52: CONSTRUCTION
A54: A.2.6 | C54: offices and storage sheds | E54: Months | F54: 4 | H54: =G54*F54 -> 0
A55: A.2.7 | C55: workshops | E55: Months | F55: 4 | H55: =G55*F55 -> 0
C57: SUB-TOTAL CARRIED FORWARD | H57: =SUM(H9:H56) -> 5800
C59: brought forward | H59: =H57 -> 5800
A61: A.2.8 | C61: living accommodation | E61: Months | F61: 4 | H61: =G61*F61 -> 0
A62: A.2.9 | C62: ablution and toilet facilities | E62: Months | F62: 4 | H62: =G62*F62 -> 0
A63: A.2.10 | C63: tools and equipment | E63: Months | F63: 4 | H63: =G63*F63 -> 0
A64: A.2.11 | C64: water supply, electric power and communications | E64: Months | F64: 4 | H64: =G64*F64 -> 0
A65: A.2.12 | C65: dealing with water (sub clause PSA 5.5 & PS D 5.2.7) | E65: Months | F65: 4 | H65: =G65*F65 -> 0
A66: A.2.13 | C66: access | E66: Months | F66: 4 | H66: =G66*F66 -> 0
A67: A.2.14 | C67: supervision for duration of construction | E67: Months | F67: 4 | H67: =G67*F67 -> 0
A68: A.2.15 | B68: 8.4.4 | C68: company and head office overhead costs for the duration of the | E68: Months | F68: 4 | H68: =G68*F68 -> 0
C69: contract
A70: A.2.16 | B70: 8.4.5 | C70: other time related obligations (please specify) | E70: Months | F70: 4 | H70: =G70*F70 -> 0
A72: A.3 | B72: 8.5 | C72: PROVISIONAL ITEMS
A74: A.3.1 | C74: community liaison officer (Provisional Sum) | E74: Prov. Sum | F74: 1 | G74: =6500*4 -> 26000 | H74: =G74*F74 -> 26000
A75: A.3.2 | C75: contractor's mark up on Item A.3.1 above | E75: % | G75: =H74 -> 26000 | H75: =G75*F75 -> 0
A77: A.4 | B77: PSA 8.4.6 | C77: STANDING TIME COSTS
A79: A.4.1 | B79: a | C79: labour (Rate only) | E79: sum/ | H79: rate only
A80: A.4.2 | B80: b | C80: other resources (Rate only) | E80: sum/ | H80: rate only
A81: A.4.3 | B81: PSA 8.7 | C81: daywork (provisional) | E81: prov.sum | F81: 1 | G81: 45000 | H81: =G81*F81 -> 45000
A82: A.4.4 | C82: contractor's mark up on Item A.4.3 above | E82: % | G82: =H81 -> 45000 | H82: =G82*F82 -> 0
A84: A.5 | B84: 8.6 | C84: SUMS STATED PROVISIONALLY BY ENGINEER
A86: A.5.1 | B86: a | C86: additional tests required by the Engineer | E86: PC Sum | F86: 1 | G86: 40000 | H86: =G86*F86 -> 40000
A87: A.5.2 | B87: b | C87: overheads, profit and charges on A.5.1 above | E87: % | G87: =H86 -> 40000 | H87: =G87*F87 -> 0
A89: A.6 | B89: PSA 8.9 | C89: OCCUPATIONAL HEALTH AND SAFETY MEASURES
A91: A.6.1 | B91: PSA 8.9.1 | C91: cost of health and safety measures required in terms of the | E91: sum | F91: 1 | H91: =G91*F91 -> 0
C92: Construction Regulations (2003) of the Occupational Health and
C93: Safety act (see Section C3.6 Health & Safety Specifications)
A94: A.6.2 | B94: PSA 8.9.2 | C94: compilation and maintenance of a Health and Safety Plan, | E94: sum | F94: 1 | H94: =G94*F94 -> 0
C95: including Risk Assessments, Safe Work Procedures and Method
C96: Statements
A97: A.6.3 | B97: PSA 8.9.3 | C97: compilation and maintenance of a Health and Safety File | E97: Month | F97: 4 | H97: =G97*F97 -> 0
C107: TOTAL FOR SECTION A (CARRIED FORWARD TO SUMMARY) | H107: =SUM(H59:H106) -> 116800

Sheet SEC-B
A1: ='SEC-A'!A1 -> CLIENT: KOPANONG LOCAL MUNICIPALITY
A2: ='SEC-A'!A2 -> CONTRACT NO. MIG/FS1184/CF/17/19
A3: ='SEC-A'!A3 -> UPGRADING OF PHILIPPOLIS SPORTS FACILITY
A4: ='SEC-A'!A4 -> ENGINEER: SOLENG (PTY) LTD
A5: SCHEDULE B: SITE WORKS, ROADS, LANDSCAPING AND FENCING
A7: ITEM | B7: PAYMENT | C7: DESCRIPTION | D7: LIC | E7: UNIT | F7: QTY | G7: RATE | H7: AMOUNT
A8: NO | B8: CLAUSE
A10: B.1 | B10: SANS
B11: 1200C | C11: SITE CLEARANCE
A13: B.1.1 | B13: 8.2.1 | C13: clear area and grub small trees and bushes for buildings, roads and paving and maintain clean for the duration of the project. | D13: LIC | E13: m² | F13: =1600 -> 1600 | H13: =G13*F13 -> 0
B15: 8.2.2 | C15: REMOVE AND GRUB LARGE TREES AND TREE STUMPS OF GIRTH
A17: B.1.2 | B17: (a) | C17: over 1 m and up to 2 m | E17: no | F17: 1 | H17: =G17*F17 -> 0
A18: B.1.3 | B18: 8.2.4 | C18: reclear surfaces (provisional) (where ordered by the Engineer) | D18: LIC | E18: m² | F18: 25 | H18: =G18*F18 -> 0
B20: SANS | C20: EARTHWORKS
B21: 1200D
A22: B.2 | B22: 8.3.2 | C22: EXCAVATION
A24: B.2.1 | B24: 8.3.1.2 | C24: remove topsoil to nominal depth of 100 mm, stockpile and maintain | E24: m³ | F24: 50 | H24: =G24*F24 -> 0
C26: BULK EARTHWORKS
B28: 8.3.2(a) | C28: EXCAVATE IN ALL MATERIALS AND USE FOR EMBANKMENT, TERRACE CONSTRUCTION, BACKFIL OR DISPOSE WITHIN 1.5 km
A30: B.2.2 | C30: cut to fill for forming terraces compacted to 93% MOD AASHTO density | E30: m³ | F30: 50 | H30: =G30*F30 -> 0
A31: B.2.3 | C31: cut to stockpile for forming terraces (only when ordered) | E31: m³ | F31: 50 | H31: =G31*F31 -> 0
A32: B.2.4 | C32: stockpile to fill for forming terraces (only when ordered) compacted to 93% MOD AASHTO density | E32: m³ | F32: 50 | H32: =G32*F32 -> 0
A33: B.2.5 | C33: cut to spoil | E33: m³ | F33: 25 | H33: =G33*F33 -> 0
B35: 8.3.3(b) | C35: EXTRA OVER ITEMS B.2.2 to B.2.5 FOR EXCAVATIONS IN:
A37: B.2.6 | C37: hard Intermediate material | E37: m³ | F37: 50 | H37: =G37*F37 -> 0
A38: B.2.7 | C38: hard rock material | E38: m³ | F38: 10 | H38: =G38*F38 -> 0
A39: B.2.8 | B39: 8.3.6 | C39: overhaul (provisional) | E39: m³km | F39: =F38*5 -> 50 | H39: =G39*F39 -> 0
C41: STORMWATER TRENCH CONSTRUCTION
A43: B.2.9 | C43: construct stormwater cut-off trench or mitre drain complete with | D43: LIC | E43: m | F43: 200 | H43: =G43*F43 -> 0
C44: cross section
A46: B.3 | C46: LANDSCAPING AND GRASSING
B48: PSVA 8.3 | C48: PREPARING AREAS FOR GRASSING
A50: B.3.1 | C50: scarifying area to receive grassing (horizontal and sloping) | E50: m² | F50: 300 | H50: Rate Only
C52: SUB-TOTAL CARRIED FORWARD | H52: =SUM(H9:H51) -> 0
C54: brought forward | H54: =H52 -> 0
A56: B.4 | B56: SANS 1200MJ | C56: CONCRETE BLOCK PAVING AROUND STRUCTURES ON TERRACES
A58: B.4.1 | C58: preparation of area to be paved | E58: m² | F58: 500 | H58: =G58*F58 -> 0
A59: B.4.2 | B59: 8.2.2 | C59: construction of paving with 60 mm thick concrete blocks (natural colour) including sandbed complete | D59: LIC | E59: m² | F59: 500 | H59: Rate Only
A60: B.4.3 | B60: 8.2.1 | C60: extra over item B.4.2 for provision and installation of edge restraints consisting of kerbing as per SANS 927 Fig. 6 | D60: LIC | E60: m | F60: 500 | H60: =G60*F60 -> 0
B62: 8.2.3 | C62: CUTTING UNITS TO FIT EDGE RESTRAINTS
A64: B.4.4 | C64: straight | D64: LIC | E64: m | F64: 10 | H64: =G64*F64 -> 0
A65: B.4.5 | C65: circular | D65: LIC | E65: m | F65: 10 | H65: =G65*F65 -> 0
A67: B.5 | C67: ROAD CONSTRUCTION & PARKING
B68: SANS 1200DM | C68: EARTHWORKS
A69: B.5.1 | B69: 8.3.2(a) | C69: remove topsoil 150 mm deep to stockpile and maintain | E69: m³ | F69: =1600*0.15 -> 240 | H69: =G69*F69 -> 0
A70: B.5.2 | B70: 8.3.7 | C70: excavate in all materials and spoil | E70: m³ | F70: =F69*0.2 -> 48 | H70: =G70*F70 -> 0
C72: CUT TO FILL
A74: B.5.3 | B74: 8.3.4 | C74: compact to 90% Mod. AASHTO maximum density | E74: m³ | F74: 25 | H74: =G74*F74 -> 0
C76: TREATMENT OF ROAD-BED
A78: B.5.4 | B78: 8.3.3(a) | C78: road-bed preparation (150 mm thick) and compaction of material to 93% Mod. AASHTO maximum density | E78: m³ | F78: =1600*0.15 -> 240 | H78: =G78*F78 -> 0
B80: 8.3.13 | C80: SURFACE FINISHES
A82: B.5.5 | C82: Gravel Wearing Course (G5 Material) applied and compacted in 150mm thickness to 93% Mod. AASHTO. | E82: m³ | F82: =1600*0.15 -> 240 | H82: =G82*F82 -> 0
C84: SUB-TOTAL CARRIED FORWARD | H84: =SUM(H54:H83) -> 0
C86: brought forward | H86: =H84 -> 0
B88: 1200ME | C88: SUBBASE (95% Mod. AASHTO MAXIMUM DENSITY)
C89: CONSTRUCT GRAVEL SUBBASE WITH MATERIAL FROM DESIGNATED EXCAVATIONS:
A91: B.5.6 | B91: 8.3.1 | C91: construct subbase with material from borrow pits | E91: m³ | F91: 50 | H91: Rate Only
A92: B.5.7 | B92: 8.3.1 | C92: construct subbase with material from obtained from other | E92: m³ | F92: 90 | H92: Rate Only
C93: excavations (stockpile) on site
A94: B.5.8 | B94: 8.3.5 | C94: process material by means of stabilising | E94: m³ | F94: 20 | H94: Rate Only
A95: B.5.9 | B95: 8.3.8 | C95: stabilising agent : Portland blast furnace cement (3% by mass) | E95: t | F95: =(F94/0.3333)*50/1000*0.03 -> 0.090009001 | H95: Rate Only
C97: OVERHAUL
A99: B.5.10 | B99: 8.3.9 | C99: extra over item B.5.6 for hauling material in excess of the freehaul area | E99: m³.km | F99: 250 | H99: Rate Only
B100: SANS
B101: 1200MJ | C101: SEGMENT PAVING
B103: 8.2.2 | C103: CONSTRUCTION OF PAVING WITH 80 mm THICK CONCRETE BLOCKS INCLUDING 25 mm SANDBED COMPLETE
A105: B.5.11 | C105: paving complete with cutting to fit all kerbs | D105: LIC | E105: m² | F105: 300 | H105: Rate Only
A107: B.6 | B107: 1200MK | C107: KERBING AND CHANNELING
B108: 8.2.2 | C108: CONCRETE KERBING AND CHANNELING
A110: B.6.1 | C110: (a) type half battered on curves | D110: LIC | E110: m | F110: 30 | H110: Rate Only
A111: B.6.2 | C111: (b) type mountable on straight sections | D111: LIC | E111: m | F111: 50 | H111: Rate Only
A112: B.6.3 | C112: (c) type half battered on straight sections | D112: LIC | E112: m | F112: 10 | H112: Rate Only
A113: B.6.4 | C113: (d) transition kerbs between type half battered and type mountable | D113: LIC | E113: m | F113: 6 | H113: Rate Only
C115: SIDE DRAINS
A117: B.6.5 | C117: excavate, trim and compact all materials to form side drain as shown on the drawings, including for removal of surplus material | D117: LIC | E117: m | F117: 35 | H117: =G117*F117 -> 0
C143: TOTAL FOR SECTION B (CARRIED FORWARD TO SUMMARY) | H143: =SUM(H86:H141) -> 0

Sheet SEC-C
A1: ='SEC-A'!A1 -> CLIENT: KOPANONG LOCAL MUNICIPALITY
A2: ='SEC-A'!A2 -> CONTRACT NO. MIG/FS1184/CF/17/19
A3: ='SEC-A'!A3 -> UPGRADING OF PHILIPPOLIS SPORTS FACILITY
A4: ='SEC-A'!A4 -> ENGINEER: SOLENG (PTY) LTD
A5: SCHEDULE C: ATHLETICS TRACK, SOCCER PITCH & COMBINATION COURTS
A7: ITEM | B7: PAYMENT | C7: DESCRIPTION | D7: LIC | E7: UNIT | F7: QTY | G7: RATE | H7: AMOUNT
A8: NO | B8: CLAUSE
A10: C.1 | B10: SANS
B11: 1200C | C11: SITE CLEARANCE
A12: C.1.1 | B12: 8.2.1 | C12: clear and grub small trees and bushes | D12: LIC | E12: m² | F12: 100 | H12: =G12*F12 -> 0
A13: C.1.2 | C13: clear and grub strip 0.5m to 1 m wide for pipeline | D13: LIC | E13: m² | F13: 25 | H13: =G13*F13 -> 0
B15: 8.2.2 | C15: REMOVE AND GRUB LARGE TREES AND TREE STUMPS OF GIRTH
A16: C.1.3 | B16: (a) | C16: over 1 m and up to 2 m | E16: no | F16: 1 | H16: =G16*F16 -> 0
A17: C.1.4 | B17: 8.2.4 | C17: reclear surfaces (provisional) (where ordered by the Engineer) | D17: LIC | E17: m² | F17: 10 | H17: =G17*F17 -> 0
B19: SANS | C19: EARTHWORKS
B20: 1200D
A21: C.2 | B21: 8.3.2 | C21: EXCAVATION
A22: C.2.1 | B22: 8.3.1.2 | C22: remove topsoil to nominal depth of 100 mm, stockpile and maintain | E22: m² | F22: 0 | H22: =G22*F22 -> 0
C24: BULK EARTHWORKS
B26: 8.3.2(a) | C26: EXCAVATE IN ALL MATERIALS & USE FOR EMBANKMENT, TERRACE CONSTRUCTION, BACKFIL OR DISPOSE WITHIN 1.5 km
A28: C.2.2 | C28: cut to fill for forming terraces compacted to 93% MOD AASHTO density | E28: m³ | F28: =270*4*0.45 -> 486 | H28: =G28*F28 -> 0
A29: C.2.3 | C29: cut to stockpile for forming terraces (only when ordered) | E29: m³ | F29: 500 | H29: =G29*F29 -> 0
A30: C.2.4 | C30: stockpile to fill for forming terraces (only when ordered) compacted to 93% MOD AASHTO density | E30: m³ | F30: 55 | H30: =G30*F30 -> 0
A31: C.2.5 | C31: cut to spoil | E31: m³ | F31: 50 | H31: =G31*F31 -> 0
B33: 8.3.3(b) | C33: EXTRA OVER ITEMS C.2.2 to C.2.5 FOR EXCAVATIONS IN:
A35: B.2.6 | C35: hard Intermediate material | E35: m³ | F35: 90 | H35: =G35*F35 -> 0
A36: C.2.7 | C36: hard rock material | E36: m³ | F36: 30 | H36: =G36*F36 -> 0
A37: C.2.8 | B37: 8.3.6 | C37: overhaul (provisional) | E37: m³km | F37: =100*5 -> 500 | H37: =G37*F37 -> 0
C39: STORMWATER TRENCH CONSTRUCTION
A40: C.2.9 | C40: construct stormwater cut-off trench or mitre drain complete with | D40: LIC | E40: m | F40: 100 | H40: =G40*F40 -> 0
C41: cross section as detailed on dwg 1184/01/02 including setting out
A43: C.3 | C43: LANDSCAPING AND GRASSING
H44: 0
B45: PSVA 8.3 | C45: SURFACE PREPARATION (Soccer & Athletic Track)
A46: C.3.1 | C46: Gravel Wearing Course (Stabilised G7 Material) applied and compacted in 150mm thickness to 93% Mod. AASHTO ( on horizontal and sloping areas) | E46: m³ | F46: =14500*0.25 -> 3625 | H46: =G46*F46 -> 0
C48: TOPSOILING ON HORIZONTAL AND SLOPING SURFACES WITH:
A49: C.3.2 | C49: topsoil obtained from the stockpile (100 mm thick) | E49: m³ | F49: =F46*0.1 -> 362.5 | H49: Rate Only
A50: C.3.3 | C50: topsoil obtained from borrow areas within a freehaul distance of 1.5 | E50: m³ | F50: 50 | H50: Rate Only
C51: km
C53: SUPPLYING AND APPLYING CHEMICAL FERTILIZER @ 50 g/m² ON HORIZONTAL AND SLOPING SURFACES
A54: C.3.4 | C54: 2:3:2 (22) fertilizer | D54: LIC | E54: kg | F54: =(F46*50)/1000 -> 181.25 | H54: Rate Only
A55: C.3.5 | C55: Kikuyu (cuttings) including maintaining for duration of contract | D55: LIC | E55: m² | F55: 12800 | H55: Rate Only
A56: C.3.6 | C56: Kikuyu (sods) including maintaining for duration of contract | D56: LIC | E56: m² | F56: 12800 | H56: Rate Only
C60: SUB-TOTAL CARRIED FORWARD | H60: =SUM(H9:H52) -> 0
C62: brought forward | H62: =H60 -> 0
A64: C.4 | B64: SANS 1200MJ | C64: CONCRETE BLOCK PAVING AROUND STRUCTURES /GRAND STANDS ON TERRACES
A66: C.4.1 | C66: preparation of area to be paved with 60mm pavers. | E66: m² | F66: 50 | H66: =G66*F66 -> 0
A67: C.4.2 | B67: 8.2.2 | C67: construction of paving with 60 mm thick concrete blocks (natural colour) including sandbed complete | E67: m² | F67: 50 | H67: =G67*F67 -> 0
A68: C.4.3 | B68: 8.2.1 | C68: extra over item B.4.2 for provision and installation of edge restraints (garden kerb type) as per SANS 927 Fig. 11 | D68: LIC | E68: m | F68: 70 | H68: =G68*F68 -> 0
A69: C.4.4 | C69: Installation of concrete edge restraints (garden kerb type) as per SANS 927 Fig. 11 around soccer pitch and athletics track | D69: LIC | E69: m | F69: 800 | H69: =G69*F69 -> 0
B71: 8.2.3 | C71: CUTTING UNITS TO FIT EDGE RESTRAINTS
A72: C.4.5 | C72: straight | D72: LIC | E72: m | F72: 30 | H72: =G72*F72 -> 0
A73: C.4.6 | C73: circular | D73: LIC | E73: m | F73: 90 | H73: =G73*F73 -> 0
A75: C.5 | C75: FACILITY'S SURFACE CONSTRUCTION
C77: TREATMENT OF SUB-GRADE
A78: C.5.1 | B78: 8.3.3(a) | C78: Rip (150 mm thick) and compaction of In-Situ material to 93% Mod. AASHTO maximum density | E78: m³ | F78: =1500*0.2 -> 300 | H78: =G78*F78 -> 0
B80: 8.3.13 | C80: SURFACE FINISHES
A81: C.5.2 | C81: topsoiling and grading shoulders | E81: m² | F81: 500 | H81: =G81*F81 -> 0
B83: 1200ME | C83: SUBBASE (93% Mod. AASHTO MAXIMUM DENSITY)
C84: CONSTRUCT GRAVEL SUBBASE WITH MATERIAL FROM DESIGNATED EXCAVATIONS:
A86: C.5.3 | B86: 8.3.1 | C86: construct 150mm thick subbase with material from borrow pits | E86: m³ | F86: 250 | H86: =G86*F86 -> 0
A87: C.5.4 | B87: 8.3.1 | C87: construct 150mm thick subbase with material from obtained from other excavations (stockpile) on site | E87: m³ | F87: 200 | H87: =G87*F87 -> 0
A88: C.5.5 | B88: 8.3.5 | C88: process material by means of stabilising (athletics track subbase) | E88: m³ | F88: 150 | H88: =G88*F88 -> 0
A89: C.5.6 | B89: 8.3.8 | C89: stabilising agent : Portland blast furnace cement (3% by mass) | E89: t | F89: =((F88/0.3333)*50/1000)*0.03 -> 0.67506751 | H89: =G89*F89 -> 0
C91: BASE LAYER CONSTRUCTION
A92: C.5.7 | C92: Construction of 125mm thick 20MPa concrete slab for Combination courts | E92: m³ | F92: =720*0.125 -> 90 | H92: =G92*F92 -> 0
A93: C.5.8 | C93: Supply and Install 250micron damp proof layer below concrete slab of Combination Courts | E93: m² | F93: 720 | H93: =G93*F93 -> 0
A95: C5.9 | C95: FINAL SURFACING
C96: The rate for the refurbishment of the court (By Specialist) shall include surface mix designs, specificaitons, drawing preparations for manufacturing and construction, sampling and testing of material and structural elements for the court surface as may be required. Contractor will be required to present a methodology for the activity and samples of products to be used.
A98: C5.9.1 | C98: Multi-Purpose Courts (Tennis/Netball/Volleyball)
C99: Complete construction of an Asphalt Surface for Multi-Purpose Courts complete with subbase to achieve a functional Court Surface (By specialist). The rate shall include all paintings of the relevant lines for each sporting code in accordance with the South African Norms & Standards for Sports and Recreational Infrastructure | E99: m² | F99: =17*35 -> 595 | H99: =G99*F99 -> 0
C102: SUB-TOTAL CARRIED FORWARD | H102: =SUM(H62:H101) -> 0
C104: brought forward | H104: =H102 -> 0
A106: C.6 | B106: SANS | C106: SIDE DRAINS
A107: C.6.1 | C107: excavate, trim and compact all materials to form side drain as shown on the drawings, including for removal of surplus material | D107: LIC | E107: m | F107: 100 | H107: =G107*F107 -> 0
B109: PART
A110: C.7 | B110: SPEC PA | C110: FENCING
C111: CLEAR FENCE LINE
A112: C.7.1 | B112: PA 8.1.1 | C112: clear fence line for installation of new fencing | D112: LIC | E112: m | F112: 130 | H112: =G112*F112 -> 0
B114: PA 8.2 | C114: SUPPLY AND ERECT NEW FENCE
A115: C.7.2 | B115: (a) | C115: 3.5m high x 2mm Diamond Mesh PVC Coated fence around Multi-Purpose-Courts complete with frames, posts, pedestrian gate and painting. | D115: LIC | E115: Sum | F115: 1 | H115: =G115*F115 -> 0
A117: C.8 | C117: MISCELLANEOUS ITEMS
A119: C.8.1 | C119: Supply and Installation of Tennis Court Net complete with poles and net with additional spare net for safe keeping by client. | E119: Sum | F119: 1 | H119: =G119*F119 -> 0
A121: C.8.2 | C121: Supply and Installation Netball Goal Posts including nets install at goal rings with additional two spare nets for safe keeping by client. | E121: no | F121: 2 | H121: =G121*F121 -> 0
A123: C.8.3 | C123: Supply and Installation of Volleyball Net complete with poles and net with additional spare net for safe keeping by client. | E123: Sum | F123: 1 | H123: =G123*F123 -> 0
A125: C.8.4 | C125: Supply and Installation of Goal Posts for Soccer Pitch with Nets included and additional set of spare nets for safe keeping by the client. | E125: no | F125: 2 | H125: =G125*F125 -> 0
C154: TOTAL FOR SECTION C (CARRIED FORWARD TO SUMMARY) | H154: =SUM(H104:H153) -> 0

Sheet SEC-D
A1: ='SEC-A'!A1 -> CLIENT: KOPANONG LOCAL MUNICIPALITY
A2: ='SEC-A'!A2 -> CONTRACT NO. MIG/FS1184/CF/17/19
A3: ='SEC-A'!A3 -> UPGRADING OF PHILIPPOLIS SPORTS FACILITY
A4: ='SEC-A'!A4 -> ENGINEER: SOLENG (PTY) LTD
A5: SCHEDULE D: CHANGE ROOMS
A7: ITEM | B7: PAYMENT | C7: DESCRIPTION | D7: LIC | E7: UNIT | F7: QTY | G7: RATE | H7: AMOUNT
A8: NO | B8: CLAUSE
A10: D.1 | B10: SANS
B11: 1200D | C11: EARTHWORKS
A13: D.1.1 | C13: EXCAVATIONS
A14: D.1.1.1 | B14: 8.3.3(a) | C14: Excavate in compacted pick able material as defined not exceeding 2 m deep below reduced or filled up ground level, part return, fill in and ram and remainder deposit on site where directed. | D14: LIC | E14: m3 | F14: 20 | H14: =G14*F14 -> 0
A15: D.1.1.2 | B15: 8.3.3(b) | C15: Excavate for surface trenches. | D15: LIC | E15: m3 | F15: 8 | H15: =G15*F15 -> 0
B17: 1200G | C17: Excavation in earth not exceeding 2m deep:
A18: D.1.1.3 | C18: Excavate in earth not exceeding 2 m deep in reduced ground level. | E18: m3 | F18: 1 | H18: =G18*F18 -> 0
C20: Extra over trench and hole excavations in earth for excavation
A21: D.1.1.4 | B21: 8.4.3 | C21: Soft rock as described. | E21: m3 | F21: 0.5 | H21: =G21*F21 -> 0
A23: D.1.1.5 | C23: Hard rock as described. | E23: m3 | F23: 1 | H23: =G23*F23 -> 0
C25: Extra over all excavations for carting away
A26: D.1.1.6 | C26: Surplus material from excavations and / or stockpiles on site to a dumping site to be located by the contractor | E26: m3 | F26: 12 | H26: =G26*F26 -> 0
C28: FILLING, ETC: | H28: =G28*F28 -> 0
C30: Earth filling obtained from the excavations
A31: D.1.1.7 | C31: Excavated material in backfill, saturated to optimum moisture content and compacted to 93% modified AASHTO under surface beds. | D31: LIC | E31: m3 | F31: 10 | H31: =G31*F31 -> 0
C33: Compaction of surfaces : | H33: =G33*F33 -> 0
A34: D.1.1.8 | C34: Scarify to a depth of 150mm, level and compact earth under solid floors, etc. | D34: LIC | E34: m2 | F34: 40 | H34: =G34*F34 -> 0
C36: Earth filling imported by the contractor
A38: D.1.1.9 | C38: Earth filling, saturated to optimum moisture content and compacted to 95% modified AASHTO under raft foundations. | D38: LIC | E38: m3 | F38: 6 | H38: =G38*F38 -> 0
C40: Approved weed killer in strict accordance with manufacturers instructions
A41: D.1.1.10 | C41: Under floors, pavings, etc. including forming and poisoning shallow furrows against foundation walls etc., filling in furrows and ramming. | D41: LIC | E41: m2 | F41: 82 | H41: =G41*F41 -> 0
A43: D.2 | C43: REINFORCED CONCRETE CAST AGAINST EXCAVATED SURFACES
C44: 20 MPa/19 mm concrete
A46: D.2.1 | C46: Strip footings (Provisional) | D46: LIC | E46: m3 | F46: 7 | H46: =G46*F46 -> 0
C48: REINFORCED CONCRETE
C49: 20 MPa/19 mm concrete
H50: =G50*F50 -> 0
A51: D.2.2 | C51: Surface beds cast on waterproofing | D51: LIC | E51: m3 | F51: 4 | H51: =G51*F51 -> 0
A52: D.2.3 | C52: In apron | D52: LIC | E52: m3 | F52: 2 | H52: =G52*F52 -> 0
A53: D.2.4 | C53: 100mm thick pavings in panels | D53: LIC | E53: m2 | F53: 1 | H53: =G53*F53 -> 0
C55: Strike off and cure
H56: =G56*F56 -> 0
A57: D.2.5 | C57: Strike off and curing of concrete paving and leave a broom swept non-slip finish | D57: LIC | E57: m2 | F57: 30 | H57: =G57*F57 -> 0
C59: SUB-TOTAL CARRIED FORWARD | H59: =SUM(H10:H58) -> 0
C61: brought forward | H61: =H59 -> 0
C63: MOVEMENT JOINTS, ETC
C64: Expansion joints with bitumen impregnated softboard between vertical concrete and brick surfaces
A66: D.2.6 | C66: 12 mm Joints not exceeding 300 mm high | D66: LIC | E66: m | F66: 7 | H66: =G66*F66 -> 0
A68: D.3 | C68: REINFORCEMENT
C69: Mild steel reinforcement
A71: D.3.1 | B71: PSUB | C71: 8 mm Diameter bars | D71: LIC | E71: t | F71: 1 | H71: =G71*F71 -> 0
B72: 8.2.6
C73: High tensile steel reinforcement
A74: D.3.2 | C74: 10 mm Diameter bars. | D74: LIC | E74: t | F74: 3 | H74: =G74*F74 -> 0
C76: High tensile steel welded mesh
A77: D.3.3 | C77: Mesh Ref. 245. | D77: LIC | E77: m2 | F77: 48 | H77: =G77*F77 -> 0
A79: D.4 | B79: 8.2.18 | C79: BRICKWORK IN CEMENT MORTAR | H79: =G79*F79 -> 0
C80: Brickwork of NFX bricks (14 MPa nominal compressive
C81: strength) in class I mortar in foundations (Provisional)
A83: D.4.1 | C83: One brick wall | D83: LIC | E83: m2 | F83: 27 | H83: =G83*F83 -> 0
A84: D.4.2 | C84: Half brick wall. | D84: LIC | E84: m2 | F84: 9 | H84: =G84*F84 -> 0
H85: =G85*F85 -> 0
C86: Brickwork of NFP bricks in class II mortar | H86: =G86*F86 -> 0
H87: =G87*F87 -> 0
A88: D.4.3 | C88: Half brick wall. | D88: LIC | E88: m2 | F88: 21 | H88: =G88*F88 -> 0
A89: D.4.4 | C89: One brick wall. | D89: LIC | E89: m2 | F89: 73 | H89: =G89*F89 -> 0
A90: D.4.5 | C90: One brick walls above wall plate level | D90: LIC | E90: m2 | F90: 11 | H90: =G90*F90 -> 0
B92: PSPB | C92: BRICKWORK SUNDRIES
B93: 8.2.17 | C93: Brick reinforcement
H94: =G94*F94 -> 0
A95: D.4.6 | C95: 75mm 'Brick force' into Half Brick walls | D95: LIC | E95: m | F95: 420 | H95: =G95*F95 -> 0
A96: D.4.7 | C96: 150mm 'Brick force' into One Brick walls | D96: LIC | E96: m | F96: 210 | H96: =G96*F96 -> 0
A97: D.4.8 | C97: 150mm 'Brick force' into One Brick walls in foundations (Provisional) | D97: LIC | E97: m | F97: 64 | H97: =G97*F97 -> 0
A98: D.4.9 | C98: 75mm 'Brick force' into half Brick walls in foundations (Provisional) | E98: Prov. Sum | F98: 1 | G98: 20000 | H98: =G98*F98 -> 20000
A99: D.4.10 | C99: Extra Over Item for Profit and attendance to item D.4.9 above | E99: % | F99: =H98 -> 20000 | H99: =G99*F99 -> 0
C101: Pre-stressed fabricated lintels
A103: D.4.11 | C103: 110 x 75 mm Lintels in lengths not exceeding 3 m | D103: LIC | E103: m | F103: 12 | H103: =G103*F103 -> 0
A104: D.4.12 | C104: Turning piece not exceeding 300mm wide 30 x 1.6mm Galvanized hoop iron ties, etc | D104: LIC | E104: m | F104: 5 | H104: =G104*F104 -> 0
A105: D.4.13 | B105: 8.2.13 | C105: Roof tie 1500 mm long with one end fixed to timber and other end built into brickwork | D105: LIC | E105: No | F105: 18 | H105: =G105*F105 -> 0
C107: FACE BRICKWORK | H107: =G107*F107 -> 0
C108: External face brickwork in "Corobrik" facings in stretcher bond with square recessed and ruled joints
A110: D.4.14 | C110: Extra over ordinary brickwork for facing in "AB Brickworks Semi face Brown" semi face brick pointed with square recessed horizontal and vertical joints in foundation (Provisional) | D110: LIC | E110: m2 | F110: 11 | H110: =G110*F110 -> 0
A111: D.4.15 | C111: Extra over ordinary brickwork for facing in "AB Brickworks Semi face Brown" semi face brick pointed with square recessed horizontal and vertical joints in superstructure | D111: LIC | E111: m2 | F111: 85 | H111: =G111*F111 -> 0
C113: SUB-TOTAL CARRIED FORWARD | H113: =SUM(H61:H112) -> 20000
C115: brought forward | H115: =H113 -> 20000
A117: D.4.16 | C117: Ditto in beam filling | D117: LIC | E117: m2 | F117: 17 | H117: =G117*F117 -> 0
A118: D.4.17 | C118: Brick-on-edge cill set sloping and slightly projecting, built fair and pointed on top, front end and projecting soffit and incl. fair raking cutting to brickwork under or dubbing up solid in cement mortar and cutting and fitting between reveals. | D118: LIC | E118: m | F118: 5 | H118: =G118*F118 -> 0
A120: D.4.18 | C120: Soldier course lintel built fair and pointed on 220mm high side and 110mm wide soffit and including cutting and fitting between reveals. | D120: LIC | E120: m | F120: 4 | H120: =G120*F120 -> 0
C122: DAMP PROOFING OF WALLS AND FLOORS
C123: One layer of 375 micron "Consol Plastics Brikgrip DPC" embossed damp proof course | H123: =G123*F123 -> 0
A125: D.4.19 | C125: Under surface beds | D125: LIC | E125: m2 | F125: 48 | H125: =G125*F125 -> 0
C127: One layer of 250 micron "Consol Plastics Gunplas USB Green" waterproof sheeting sealed at laps with "Gunplas Pressure Sensitive Tape"
A128: D.4.20 | C128: In walls | D128: LIC | E128: m2 | F128: 10 | H128: =G128*F128 -> 0
A129: D.4.21 | C129: In cills, etc. | D129: LIC | E129: m2 | F129: 2 | H129: =G129*F129 -> 0
C131: JOINT SEALANTS, ETC
C132: Two-part grey polysulphide sealing compound including backing cord, bond breaker, primer, etc
A134: D.4.22 | C134: 12 x 20 mm In expansion joints between concrete floors and brickwork including raking out expansion joint filler as necessary | D134: LIC | E134: m | F134: 16 | H134: =G134*F134 -> 0
A136: D.5 | C136: PROFILED METAL SHEETING AND ACCESSORIES | H136: =G136*F136 -> 0
C137: 0,6mm ""IBR"" profiled roof sheeting in galvanized finish nailed to timber purlins with non-corrosive nails to manufacturer's specifications:
A139: D.5.1 | C139: Roof covering with pitch not exceeding 50° degrees. | D139: LIC | E139: m2 | F139: 75 | H139: =G139*F139 -> 0
A140: D.5.2 | C140: Ridge capping | D140: LIC | E140: m | F140: 14 | H140: =G140*F140 -> 0
C142: Sawn South African Pine
A144: D.5.3 | C144: 38 x 114mm SAP Pre-manufactured gang nailed truss @ 15° pitch with 600mm over hangs. Size: 4440mm x 1350mm high | D144: LIC | E144: No | F144: 7 | H144: =G144*F144 -> 0
...

Sheet SEC-E
A1: ='SEC-A'!A1 -> CLIENT: KOPANONG LOCAL MUNICIPALITY
A2: ='SEC-A'!A2 -> CONTRACT NO. MIG/FS1184/CF/17/19
A3: ='SEC-A'!A3 -> UPGRADING OF PHILIPPOLIS SPORTS FACILITY
A4: ='SEC-A'!A4 -> ENGINEER: SOLENG (PTY) LTD
A5: SCHEDULE E: SECURITY GATE & TOILETS
A7: ITEM | B7: PAYMENT | C7: DESCRIPTION | D7: LIC | E7: UNIT | F7: QTY | G7: RATE | H7: AMOUNT
A8: NO | B8: CLAUSE
B10: SANS
A11: E.1 | B11: 1200D | C11: EARTHWORKS
C13: EXCAVATIONS
B14: 8.3.3(a) | C14: Excavate in compacted pick able material as defined not exceeding 2 m deep below reduced or filled up ground level, part return, fill in and ram and remainder deposit on site where directed.
A16: E.1.1 | C16: Excavate for surface trenches. | D16: LIC | E16: m3 | F16: 6 | H16: =G16*F16 -> 0
B17: 8.3.3(b)
C18: Excavation in earth not exceeding 2m deep:
A19: E.1.2 | C19: Excavate in earth not exceeding 2 m deep in reduced ground level. | E19: m3 | F19: 2 | H19: =G19*F19 -> 0
B20: 1200G
C21: Extra over trench and hole excavations in earth for excavation
A22: E.1.3 | B22: 8.4.3 | C22: Soft rock as described. | E22: m3 | F22: 0.5 | H22: =G22*F22 -> 0
C24: Extra over all excavations for carting away
A25: E.1.4 | C25: Surplus material from excavations and / or stockpiles on site to a dumping site to be located by the contractor | E25: m3 | F25: 4 | H25: =G25*F25 -> 0
C27: FILLING, ETC:
C29: Earth filling obtained from the excavations
A30: E.1.5 | C30: Excavated material in backfill, saturated to optimum moisture content and compacted to 93% modified AASHTO under surface beds. | D30: LIC | E30: m3 | F30: 3 | H30: =G30*F30 -> 0
C32: Earth filling imported by the contractor
A33: E.1.6 | C33: Earth filling, saturated to optimum moisture content and compacted to 95% modified AASHTO under raft foundations. | D33: LIC | E33: m3 | F33: 1 | H33: =G33*F33 -> 0
A35: E.2 | C35: BRICKWORK IN CEMENT MORTAR | H35: =G35*F35 -> 0
C36: Brickwork of NFX bricks (14 MPa nominal compressive
C37: strength) in class I mortar in foundations (Provisional)
A39: E.2.1 | B39: 8.2.18 | C39: One brick wall | D39: LIC | E39: m2 | F39: 6 | H39: =G39*F39 -> 0
C41: Brickwork of NFP bricks in class II mortar | H41: =G41*F41 -> 0
H42: =G42*F42 -> 0
A43: E.2.2 | C43: One brick wall. | D43: LIC | E43: m2 | F43: 27 | H43: =G43*F43 -> 0
A44: E.2.3 | C44: One brick walls above wall plate level | D44: LIC | E44: m2 | F44: 2 | H44: =G44*F44 -> 0
A46: E.3 | B46: PSPB | C46: BRICKWORK SUNDRIES
B47: 8.2.17 | C47: Brick reinforcement | H47: =G47*F47 -> 0
A49: E.3.1 | C49: 150mm 'Brick force' into One Brick walls | D49: LIC | E49: m | F49: 120 | H49: =G49*F49 -> 0
A50: E.3.2 | C50: 150mm 'Brick force' into One Brick walls in foundations (Provisional) | D50: LIC | E50: m | F50: 60 | H50: =G50*F50 -> 0
C52: Pre-stressed fabricated lintels
A53: E.3.3 | C53: 110 x 75 mm Lintels in lengths not exceeding 3 m | D53: LIC | E53: m | F53: 16 | H53: =G53*F53 -> 0
C55: Turning pieces
H56: =G56*F56 -> 0
A57: E.3.4 | C57: Turning piece not exceeding 300mm wide 30 x 1.6mm Galvanized hoop iron ties, etc | D57: LIC | E57: m | F57: 2 | H57: =G57*F57 -> 0
A58: E.3.5 | B58: 8.2.13 | C58: Roof tie 1500 mm long with one end fixed to timber and other end built into brickwork | D58: LIC | E58: No | F58: 8 | H58: =G58*F58 -> 0
C61: SUB-TOTAL CARRIED FORWARD | H61: =SUM(H16:H34) -> 0
C63: brought forward | H63: =H61 -> 0
H64: =G64*F64 -> 0
C65: External face brickwork in "Corobrik" facings in stretcher bond with square recessed and ruled joints
A67: E.3.6 | C67: Extra over ordinary brickwork for facing in "AB Brickworks Semi face Brown" semi face brick pointed with square recessed horizontal and vertical joints in foundation (Provisional) | D67: LIC | E67: m2 | F67: 4 | H67: =G67*F67 -> 0
H68: =G68*F68 -> 0
A69: E.3.7 | C69: Extra over ordinary brickwork for facing in "AB Brickworks Semi face Brown" semi face brick pointed with square recessed horizontal and vertical joints in superstructure | D69: LIC | E69: m2 | F69: 30 | H69: =G69*F69 -> 0
A71: E.3.8 | C71: Ditto in beam filling | D71: LIC | E71: m2 | F71: 4 | H71: =G71*F71 -> 0
A73: E.3.9 | C73: Brick-on-edge cill set sloping and slightly projecting, built fair and pointed on top, front end and projecting soffit and incl. fair raking cutting to brickwork under or dubbing up solid in cement mortar and cutting and fitting between reveals. | D73: LIC | E73: m | F73: 2 | H73: =G73*F73 -> 0
A75: E.3.10 | C75: Soldier course lintel built fair and pointed on 220mm high side and 110mm wide soffit and including cutting and fitting between reveals. | D75: LIC | E75: m | F75: 2 | H75: =G75*F75 -> 0
A77: E.4 | C77: DAMP PROOFING OF WALLS AND FLOORS
C78: One layer of 375 micron "Consol Plastics Brikgrip DPC" embossed damp proof course | H78: =G78*F78 -> 0
A80: E.4.1 | C80: Under surface beds | D80: LIC | E80: m2 | F80: 5 | H80: =G80*F80 -> 0
C82: One layer of 250 micron "Consol Plastics Gunplas USB Green" waterproof sheeting sealed at laps with "Gunplas Pressure Sensitive Tape"
A84: E.4.2 | C84: In walls | D84: LIC | E84: m2 | F84: 3 | H84: =G84*F84 -> 0
A85: E.4.3 | C85: In cills, etc. | D85: LIC | E85: m2 | F85: 1 | H85: =G85*F85 -> 0
H86: =G86*F86 -> 0
A87: E.5 | C87: JOINT SEALANTS, ETC | H87: =G87*F87 -> 0
C89: Two-part grey polysulphide sealing compound including backing cord, bond breaker, primer, etc | H89: =G89*F89 -> 0
A91: E.5.1 | C91: 12 x 20 mm In expansion joints between concrete floors and brickwork including raking out expansion joint filler as necessary | D91: LIC | E91: m | F91: 6 | H91: =G91*F91 -> 0
A93: E.6 | C93: PROFILED METAL SHEETING AND ACCESSORIES | H93: =G93*F93 -> 0
C94: 0,6mm ""IBR"" profiled roof sheeting in galvanized finish nailed to timber purlins with non-corrosive nails to manufacturer's specifications:
A96: E.6.1 | C96: Roof covering with pitch not exceeding 50° degrees. | D96: LIC | E96: m2 | F96: 55 | H96: =G96*F96 -> 0
C98: Sawn South African Pine
A99: E.6.1 | C99: 38 x 152mm Laminated SAP beam (Treated) | D99: LIC | E99: m | F99: 16 | H99: =G99*F99 -> 0
A100: E.6.2 | C100: 38 x 114 mm Wall plate. | D100: LIC | E100: m | F100: 5 | H100: =G100*F100 -> 0
A101: E.6.3 | C101: 50 x 75 mm SAP purling | D101: LIC | E101: m | F101: 20 | H101: =G101*F101 -> 0
C103: Sundries
A105: E.6.4 | C105: Two coats creosote on sawn timbers | D105: LIC | E105: m2 | F105: 2 | H105: =G105*F105 -> 0
A106: E.6.5 | C106: Teco two way hurricane clips | D106: LIC | E106: No | F106: 6 | H106: =G106*F106 -> 0
C108: SUB-TOTAL CARRIED FORWARD | H108: =SUM(H63:H107) -> 0
C110: brought forward | H110: =H108 -> 0
H111: =G111*F111 -> 0
A112: E.7 | C112: FACIAS, BARGE BOARDS, ETC: | H112: =G112*F112 -> 0
A113: E.7.1 | C113: 12 x 200mm "Everite Flexit” pressed nutec-cement facia drilled and brass screwed and including galvanized steel H-profile jointing strips between lengths. | D113: LIC | E113: m | F113: 12 | H113: =G113*F113 -> 0
A115: E.8 | C115: DOORS ETC.
C116: Wrought white oak doors hung to timber frames
A118: E.8.1 | C118: 40mm framed batten door 813 x 2032mm high, formed of 40 x 110mm top rail and stiles, 20 x 150mm bottom ledge and 20 x 75mm tongued, grooved and v-jointed both sides vertical boarding fixed in and including grooves in styles and top rail. | D118: LIC | E118: No | F118: 1 | H118: =G118*F118 -> 0
H119: =G119*F119 -> 0
C120: Sundries
A121: E.8.2 | C121: 150mm rubber door stopper | D121: LIC | E121: No | F121: 1 | H121: =G121*F121 -> 0
A123: E.9 | C123: NAILED UP CEILINGS
A124: E.9.1 | C124: 6.4mm "Rhino" gypsum plasterboad with H-type pressed steel jointing strips
C125: Ceilings including 38 x 50mm sawn softwood brandering at 400mm centres | D125: LIC | E125: m2 | F125: 5 | H125: =G125*F125 -> 0
A127: E.10 | C127: CORNICES
A128: E.10.1 | C128: 58 mm Gypsum coved ceiling cornice fixed to 50 x 38 SAP cross brandering (elsewhere measured) at top and to and including 70 x 20mm meranti wall strip to wall, wall strip plugged to wall. | D128: LIC | E128: m | F128: 10 | H128: =G128*F128 -> 0
A130: E.11 | C130: CEILING INSULATION
A131: E.11.1 | C131: 50 mm "Aerolite" cellulose fibre insulation applied strictly in accordance with the manufacturer's instructions. | D131: LIC | E131: m2 | F131: 5 | H131: =G131*F131 -> 0
A133: E.12 | C133: LOCK SETS, ETC.
C134: Aluminum window bronze top hung PT66 w590 x h590mm Union
A135: E.12.1 | C135: Union Three lever mortice upright lockset with satin chrome "Gower" furniture | D135: LIC | E135: No | F135: 1 | H135: =G135*F135 -> 0
A137: E.13 | C137: GATES, GRILLES, ETC.
C138: Purpose made framed and welded gates with hinges, etc. complete
A140: E.13.1 | C140: Purpose made single security door size approximately 2060 x 870 x 30mm steel perimeter tube with intermediated horizontal railing with 20mm diameter verical rods @ 125mm c/c. 3/75 x 32mm diameter pin and sleeve hinge welded to 100 x 100 x 40mm L- iron cleats anchored to wall.and concealed 6 lever mortice deadlock. | D140: LIC | E140: No | F140: 1 | H140: =G140*F140 -> 0
A142: E.13.2 | C142: Frame for security door size approximately 870 x 2060mm formed of 38 x 38 mm flat section framed and welded top rail and sides and each stile and top rail fitted with 25 x 25 x 3mm angle section cleat, 40mm long and once holed for 8mm rawl bolt (elsewhere) | D142: LIC | E142: No | F142: 1 | H142: =G142*F142 -> 0
A144: E.13.3 | C144: 10mm rawl bolts, 100mm long | D144: LIC | E144: No | F144: 8 | H144: =G144*F144 -> 0
C146: 1,2 mm Double rebated frames suitable for one brick walls with and including one pair 100 x 75mm stainless steel washered butt hinges and 115 x 38 x 1.2mm stainless steel adjustable striking plate.
...

Sheet SEC-F
A1: ='SEC-A'!A1 -> CLIENT: KOPANONG LOCAL MUNICIPALITY
A2: ='SEC-A'!A2 -> CONTRACT NO. MIG/FS1184/CF/17/19
A3: ='SEC-A'!A3 -> UPGRADING OF PHILIPPOLIS SPORTS FACILITY
A4: ='SEC-A'!A4 -> ENGINEER: SOLENG (PTY) LTD
A5: SCHEDULE F: INTERCONNECTING PIPEWORK AND BOXES
A7: ITEM | B7: PAYMENT | C7: DESCRIPTION | D7: LIC | E7: UNIT | G7: RATE | H7: AMOUNT
A8: NO | B8: CLAUSE
A10: F.1 | B10: SANS | C10: EARTHWORKS (PIPE TRENCHES)
B11: 1200DB
B12: 8.3.2 | C12: EXCAVATION
B14: 8.3.2(a) | C14: EXCAVATE IN ALL MATERIALS FOR TRENCHES,
C15: BACKFILL AND COMPACT, INCLUDING DISPOSAL
C16: OF SURPLUS UITSUITABLE MATERIAL WITHIN
C17: THE FREEHAUL DISTANCE FOR PIPES, CABLE DUCTS
C18: AND PIPE SLEEVES
C20: UP TO 110mm DIAMETER FOR DEPTHS
C21: OVER AND UP TO:
A22: F.1.1 | C22: 0,0m - 1,0m | E22: m | F22: 300 | H22: =G22*F22 -> 0
A23: F.1.2 | C23: 1,0m - 2,0m | E23: m | F23: 50 | H23: =G23*F23 -> 0
C25: OVER 100mm UP TO 300mm DIAMETER FOR DEPTHS
A26: F.1.3 | C26: 0,0m - 1,0m | E26: m | F26: 10 | H26: =G26*F26 -> 0
A27: F.1.4 | B27: 8.3.2(b) | C27: extra over Item F.1.3 for excavation in hardrock material (provisional) | E27: m³ | F27: 100 | H27: =G27*F27 -> 0
A28: F.1.5 | B28: PSDB | C28: excavate by hand in soft material to expose existing services | E28: m³ | F28: 100 | H28: =G28*F28 -> 0
B29: 8.3.2(d)
A30: F.1.6 | B30: PSDB | C30: excavate and backfill by hand in restriced areas | E30: m³ | F30: 30 | H30: =G30*F30 -> 0
B31: 8.3.2 (e)
A32: F.1.7 | B32: 8.2.4 | C32: shoring of trenches where instructed by the engineer (shoring will be carried out on boths sides of the excavation but measured as a single linear meter. | E32: m | F32: 100 | H32: =G32*F32 -> 0
B34: 8.3.3.1 | C34: IMPORT BACKFILL MATERIALS FROM
A35: F.1.8 | B35: (a) | C35: other excavations on site | E35: m³ | F35: 25 | H35: =G35*F35 -> 0
A37: F.2 | B37: SANS | C37: MEDIUM PRESSURE PIPELINES
B38: 1200L
B39: 8.2.1 | C39: SUPPLY, HANDLE, LAY AND BED FOR FLEXIBLE PIPES
C41: uPVC class 6
A42: F.2.1 | C42: 110mm diameter class 6 | D42: LIC | E42: m | F42: 200 | H42: =G42*F42 -> 0
A43: F.2.2 | C43: 160mm diameter class 6 | D43: LIC | E43: m | F43: 50 | H43: Rate Only
B45: 8.2.2 | C45: SPECIALS AND FITTINGS
C46: SUPPLY, LAY, JOINT, BED FOR FLEXIBLE PIPES (DRAWING LB-1b) AND TEST, INCLUDING CUTTING PIPES SUPPLYING FLEXIBLE COUPLINGS AND CORROSION PROTECTION WHERE APPLICABLE
C48: EXTRA OVER ITEMS H.3.1 TO H.3.7 FOR PIPE LAYING
C49: uPVC 90° BENDS
A50: F.2.4 | C50: 110mm diameter | D50: LIC | E50: no | F50: 4 | H50: =G50*F50 -> 0
A51: F.2.5 | C51: 160mm diameter | D51: LIC | E51: no | F51: 4 | H51: =G51*F51 -> 0
C53: uPVC 45° BENDS
A54: F.2.6 | C54: 110mm diameter | D54: LIC | E54: no | F54: 4 | H54: =G54*F54 -> 0
C56: uPVC 22,5° BENDS
A57: F.2.7 | C57: 110mm diameter | D57: LIC | E57: no | F57: 3
A58: F.2.8 | C58: 160mm diameter | D58: LIC | E58: no | F58: 3 | H58: =G58*F58 -> 0
H65: =SUM(H9:H64) -> 0
C66: SUB-TOTAL CARRIED FORWARD
C67: brought forward | H67: =H65 -> 0
C69: SUPPLY, HANDLE, LAY AND BED CLASS B AND JOIN WITH PLASSON COUPLINGS
C71: HDPE CLASS 10
A72: F.2.9 | C72: 25mm diameter | D72: LIC | E72: m | F72: 100 | H72: =G72*F72 -> 0
A73: F.2.10 | C73: 32mm diameter | D73: LIC | E73: m | F73: 160 | H73: =G73*F73 -> 0
C75: TAPS WITH HOSE CONNECTIONS
A76: F.2.11 | C76: standpipes with 25mm tap and hose connection projecting 900mm above ground level complete with 25mm diameter GMS connecting pipe, adaptors, supports (Y-section standard) | D76: LIC | E76: no | F76: 1 | H76: =G76*F76 -> 0
C78: EXTRA OVER ITEMS F.2.9 TO F.2.10
C79: HDPE COMPRESSION ELBOWS
A80: F.2.12 | C80: 25mm diameter | D80: LIC | E80: no | F80: 10 | H80: =G80*F80 -> 0
A81: F.2.13 | C81: 32mm diameter | D81: LIC | E81: no | F81: 10 | H81: =G81*F81 -> 0
C83: HDPE COMPRESSION MALE ADAPTORS
A84: F.2.14 | C84: 25mm diameter | D84: LIC | E84: no | F84: 10 | H84: =G84*F84 -> 0
A85: F.2.15 | C85: 32mm diameter | D85: LIC | E85: no | F85: 12 | H85: =G85*F85 -> 0
C87: HDPE COMPRESSION 90° EQUAL TEES
A88: F.2.16 | C88: 25mm diameter | D88: LIC | E88: no | F88: 5 | H88: =G88*F88 -> 0
A89: F.2.17 | C89: 32mm diameter | D89: LIC | E89: no | F89: 2 | H89: =G89*F89 -> 0
C91: HDPE COMPRESSION REDUCING COUPLINGS
A92: F.2.18 | C92: 32 x 25mm | D92: LIC | E92: no | F92: 2 | H92: =G92*F92 -> 0
A94: F.3 | B94: SANS 1200LB | C94: BEDDING (PIPES)
B95: 8.2.1 | C95: FROM TRENCH EXCAVATION
A96: F.3.1 | B96: (a) | C96: selected granular material for bedding cradle | D96: LIC | E96: m³ | F96: 526.5 | H96: =G96*F96 -> 0
A97: F.3.2 | B97: (b) | C97: selected fill material | D97: LIC | E97: m³ | F97: 175.5 | H97: =G97*F97 -> 0
C99: SUPPLY ONLY OF BEDDING MATERIAL BY IMPORTING FROM BORROW PITS
A100: F.3.3 | B100: (a) | C100: selected granular material for bedding cradle | E100: m³ | F100: 105.3 | H100: =G100*F100 -> 0
B102: 8.2.5 | C102: OVERHAUL OF MATERIAL FOR BEDDING
A103: F.3.4 | C103: overhaul | E103: m³.km | F103: 55 | H103: =G103*F103 -> 0
A105: F.4 | B105: 8.2.3 | C105: SUPPLY AND INTALL MANHOLES
C107: MANHOLES 1000mm DIAMETER COMPLETE WITH
C108: TYPE 4 COVER AND FRAME FOR DEPTHS:
A109: F.4.1 | C109: up to 1,5m | D109: LIC | E109: no | F109: 7 | H109: =G109*F109 -> 0
A111: F.5 | B111: SANS
B112: 1200D | C112: EARTHWORKS (FOR STRUCTURES/MANHOLES)
B113: 8.3.3 | C113: RESTRICTED EXCAVATIONS FOR MANHOLES
B115: 8.3.3(a) | C115: EXCAVATE FOR FOUNDATIONS AND PIPE TRENCHES IN ALL
C116: MATERAILS, BACKFILL BEHIND STRUCTURES, CONSTRUCT
C117: EMBANKMENTS OR DISPOSE WITHIN THE FREEHAUL
C118: DISTANCE FOR DEPTHS:
A120: F.5.1 | C120: 0 m up to 2 m | E120: m³ | F120: 15 | H120: =G120*F120 -> 0
C122: SUB-TOTAL CARRIED FORWARD | H122: =SUM(H67:H121) -> 0
C124: brought forward | H124: =H122 -> 0
A126: F.6 | B126: SANS | C126: CONCRETE (STRUCTURAL)
B127: 1200G
B128: 8.2 | C128: FORMWORK
B129: 8.2.2 | C129: SMOOTH FORMWORK TO MANHOLES (MEASURED TO 150mm
C130: BELOW FINISHED GROUND LEVEL WHERE APPLICABLE)
C132: PLANE VERTIAL
A133: F.6.1 | C133: soffit of cover slabs of boxes | D133: LIC | E133: m² | F133: 8 | H133: =G133*F133 -> 0
C135: PLANE VERTICAL
A136: F.6.2 | C136: sides of floor slabs | D136: LIC | E136: m² | F136: 10 | H136: =G136*F136 -> 0
A137: F.6.3 | C137: sides of mass concrete filling | D137: LIC | E137: m² | F137: 5 | H137: =G137*F137 -> 0
B139: 8.2.2 | C139: SPECIAL SMOOTH REPAIRED AND RUBBED
...

Sheet SEC - G
A1: ='SEC-A'!A1 -> CLIENT: KOPANONG LOCAL MUNICIPALITY
A2: ='SEC-A'!A2 -> CONTRACT NO. MIG/FS1184/CF/17/19
A3: ='SEC-A'!A3 -> UPGRADING OF PHILIPPOLIS SPORTS FACILITY
A4: ='SEC-A'!A4 -> ENGINEER: SOLENG (PTY) LTD
A5: SCHEDULE G: SPORTSFIELD GRAND STAND CONSTRUCTION
A7: ITEM | B7: PAYMENT | C7: DESCRIPTION | D7: LIC | E7: UNIT | F7: QTY | G7: RATE | H7: AMOUNT
A8: NO | B8: CLAUSE
A10: G.1 | B10: SANS 1200 C | C10: SITE CLEARANCE
A12: G.1.1 | B12: 8.2.1 | C12: Clear area and grub small trees and bushes for buildings, | E12: m2 | F12: 50 | H12: =G12*F12 -> 0
C13: and paving.
A15: G.2 | B15: SANS 1200 D | C15: EARTHWORKS
A17: G.2.1 | B17: 8.3.2 | C17: EXCAVATION
A19: G.2.1.1 | B19: 8.3.1.2 | C19: Remove topsoil to nominal depth of 100 mm, stockpile and | E19: m3 | F19: 15 | H19: =G19*F19 -> 0
C20: maintain
A22: G.2.1.2 | B22: 8.3.1.3 | C22: Trench. | E22: m3 | F22: 30 | H22: =G22*F22 -> 0
A24: G.2.2 | B24: 8.3.3(b) | C24: EXTRA OVER EXCAVATIONS IN:
A26: G.2.2.1 | C26: Soft rock material | E26: m3 | F26: 3 | H26: =G26*F26 -> 0
A28: G.2.2.2 | C28: Hard rock material | E28: m3 | F28: 2 | H28: =G28*F28 -> 0
A30: G.2.2.3 | C30: Carting away unwanted excavated material | E30: m3 | F30: 15 | H30: =G30*F30 -> 0
A32: G.2.3 | C32: COMPACTION OF SURFACES
A34: G.2.3.1 | C34: Carting away unwanted excavated material. | E34: m2 | F34: 12 | H34: =G34*F34 -> 0
A36: G.2.4 | C36: FILLING
C37: From commercial sources.
A39: G.2.4.1 | C39: Earth filling, saturated to optimum moisture content and | E39: m3 | F39: 10 | H39: =G39*F39 -> 0
C40: compacted to 95% modified AASHTO under structures.
C42: From excavated material.
A44: G.2.4.2 | C44: Earth filling, saturated to optimum moisture content and compacted | E44: m3 | F44: =(15*15*0.55)*2 -> 247.5 | H44: =G44*F44 -> 0
C45: to 95% modified AASHTO to sides of foundation walls,
C46: concrete columns, etc
A48: G.3 | C48: SPORTS FIELD STEEL GRANDSTAND
C50: The rate in this item shall include design, preparation of drawings, manufacture, fabricate, supply, deliver and install on site a structural Steel Grandstand Complete. The rate shall further included all welding tests, designs and production of shop drawings by the grand stand manufacture/specialist. All designs and drawings to be presented to the Client's Representative or Project Engineer for approval before manufacturing can commence. The Grand Stands shall be designed and manufactured to the following sizes:
A52: G.3.1 | C52: 6-Tier, 50 Seater Heavey Duty Structural Steel Grand Stand | E52: No. | F52: 2 | H52: =G52*F52 -> 0
C54: 5-Tier, 30 Seater Heavey Duty Structural Steel Grand Stand | E54: No. | F54: 2 | H54: =G54*F54 -> 0
H60: =SUM(H9:H59) -> 0
C61: SUB-TOTAL CARRIED FORWARD
C62: brought forward | H62: =H60 -> 0
A64: G.3.2 | C64: PAINTING ON METAL
C65: One coat Zinc Chromate Metal Primer, one coat Universal Undercoat and two coats enamel paint
A67: G.3.2.1 | C67: Painting of structural steel grands stand complete on all sides included all areas out of sight. | E67: No. | F67: 4 | H67: =G67*F67 -> 0
C69: Apply two coats of high-quality polyurethane paint to outdoor steel structures.
A71: G.3.2.2 | C71: Painting of structural steel grands stand complete on all sides included all areas out of sight. | E71: Sum | F71: 1 | H71: =G71*F71 -> 0
A73: G.3.3 | C73: PROVISIONAL ITEMS
C75: ELECTRICAL INSTALLATION
A77: G.3.3.1 | C77: Provide the sum of R195 000.00 (ONE Hundred and Ninty Five Thousands Rands) for the supply and installation of at least 2 High Mast Lights | E77: Prov. Sum | F77: 1 | G77: 195000 | H77: =G77*F77 -> 195000
A79: G.3.3.2 | C79: Profit | E79: % | F79: =H77 -> 195000 | H79: =G79*F79 -> 0
A80: G.3.3.3 | C80: Attendance | E80: % | F80: =H77 -> 195000 | H80: =G80*F80 -> 0
C116: TOTAL FOR SECTION F (CARRIED FORWARD TO SUMMARY) | H116: =SUM(H62:H115) -> 195000

Sheet SEC - H
A1: ='SEC-A'!A1 -> CLIENT: KOPANONG LOCAL MUNICIPALITY
A2: ='SEC-A'!A2 -> CONTRACT NO. MIG/FS1184/CF/17/19
A3: ='SEC-A'!A3 -> UPGRADING OF PHILIPPOLIS SPORTS FACILITY
A4: ='SEC-A'!A4 -> ENGINEER: SOLENG (PTY) LTD
A5: SCHEDULE H: CARETAKER HOUSE
A7: ITEM | B7: PAYMENT | C7: DESCRIPTION | D7: LIC | E7: UNIT | F7: QTY | G7: RATE | H7: AMOUNT
A8: NO | B8: CLAUSE
B9: SANS
A10: H.1 | B10: 1200D | C10: EARTHWORKS
C12: EXCAVATIONS
B13: 8.3.3(a) | C13: Excavate in compacted pick able material as defined not exceeding 2 m deep below reduced or filled up ground level, part return, fill in and ram and remainder deposit on site where directed.
A15: H.1.1 | C15: Excavate for surface trenches. | E15: m3 | F15: 24 | H15: =G15*F15 -> 0
B16: 8.3.3(b) | D16: LIC
C17: Excavation in earth not exceeding 2m deep:
A18: H.1.2 | C18: Excavate in earth not exceeding 2 m deep in reduced ground level. | E18: m3 | F18: 8.5 | H18: =G18*F18 -> 0
B19: 1200G
C20: Extra over trench and hole excavations in earth for excavation
A21: H.1.3 | B21: 8.4.3 | C21: Soft rock as described. | E21: m3 | F21: 1 | H21: =G21*F21 -> 0
A23: H.1.4 | C23: Hard rock as described. | E23: m3 | F23: 0.5 | H23: =G23*F23 -> 0
C25: Extra over all excavations for carting away
A26: H.1.5 | C26: Surplus material from excavations and / or stockpiles on site to a dumping site to be located by the contractor | E26: m3 | F26: 13 | H26: =G26*F26 -> 0
C28: FILLING, ETC: | H28: =G28*F28 -> 0
C30: Earth filling obtained from the excavations
A31: H.1.6 | C31: Excavated material in backfill, saturated to optimum moisture content and compacted to 93% modified AASHTO under surface beds. | D31: LIC | E31: m3 | F31: 11 | H31: =G31*F31 -> 0
C33: Compaction of surfaces : | H33: =G33*F33 -> 0
A34: H.1.7 | C34: Scarify to a depth of 150mm, level and compact earth under solid floors, etc. | D34: LIC | E34: m2 | F34: 55 | H34: =G34*F34 -> 0
H35: =G35*F35 -> 0
C36: Earth filling imported by the contractor
A38: H.1.8 | C38: Earth filling, saturated to optimum moisture content and compacted to 95% modified AASHTO under raft foundations. | D38: LIC | E38: m3 | F38: 9 | H38: =G38*F38 -> 0
C40: Approved weed killer in strict accordance with manufacturers instructions
A41: H.1.9 | C41: Under floors, pavings, etc. including forming and poisoning shallow furrows against foundation walls etc., filling in furrows and ramming. | D41: LIC | E41: m2 | F41: 140 | H41: =G41*F41 -> 0
A43: H.2 | C43: REINFORCED CONCRETE CAST AGAINST EXCAVATED SURFACES
C44: 20 MPa/19 mm concrete
A46: H.2.1 | C46: Strip footings (Provisional) | D46: LIC | E46: m3 | F46: 8 | H46: =G46*F46 -> 0
C48: REINFORCED CONCRETE
C49: 20 MPa/19 mm concrete
H50: =G50*F50 -> 0
A51: H.2.2 | C51: Surface beds cast on waterproofing | D51: LIC | E51: m3 | F51: 6 | H51: =G51*F51 -> 0
A52: H.2.3 | C52: In apron | D52: LIC | E52: m3 | F52: 2.5 | H52: =G52*F52 -> 0
A53: H.2.4 | C53: 100mm thick pavings in panels | D53: LIC | E53: m2 | F53: 0.5 | H53: =G53*F53 -> 0
C57: SUB-TOTAL CARRIED FORWARD | H57: =SUM(H9:H56) -> 0
C59: brought forward | H59: =H57 -> 0
C61: Strike off and cure
A62: H.2.5 | C62: Strike off and curing of concrete paving and leave a broom swept non-slip finish | D62: LIC | E62: m2 | F62: 35 | H62: =G62*F62 -> 0
A64: H.3 | C64: TEST BLOCKS
C65: Making and testing set of three 150 x 150 x 150 mm concrete strength test cube (Provisional) | D65: LIC | E65: Sets | F65: 3 | H65: =G65*F65 -> 0
A67: H.4 | C67: MOVEMENT JOINTS, ETC
C68: Expansion joints with bitumen impregnated softboard between vertical concrete and brick surfaces
C70: 12 mm Joints not exceeding 300 mm high | D70: LIC | E70: m | F70: 7 | H70: =G70*F70 -> 0
A72: H.5 | C72: REINFORCEMENT
C74: Mild steel reinforcement
A75: H.5.1 | B75: PSUB | C75: 8 mm Diameter bars | D75: LIC | E75: t | F75: 1 | H75: =G75*F75 -> 0
B76: 8.2.6
C77: High tensile steel reinforcement
A78: H.5.2 | C78: 10 mm Diameter bars. | D78: LIC | E78: t | F78: 3
C80: High tensile steel welded mesh
A81: H.5.3 | C81: Mesh Ref. 245. | D81: LIC | E81: m2 | F81: 55 | H81: =G81*F81 -> 0
A83: H.6 | C83: BRICKWORK IN CEMENT MORTAR | H83: =G83*F83 -> 0
C84: Brickwork of NFX bricks (14 MPa nominal compressive
C85: strength) in class I mortar in foundations (Provisional)
B86: 8.2.18
A87: H.6.1 | C87: One brick wall | D87: LIC | E87: m2 | F87: 34 | H87: =G87*F87 -> 0
A88: H.6.2 | C88: Half brick wall. | D88: LIC | E88: m2 | F88: 10 | H88: =G88*F88 -> 0
H89: =G89*F89 -> 0
C90: Brickwork of NFP bricks in class II mortar | H90: =G90*F90 -> 0
H91: =G91*F91 -> 0
A92: H.6.3 | C92: Half brick wall. | D92: LIC | E92: m2 | F92: 28 | H92: =G92*F92 -> 0
A93: H.6.4 | C93: One brick wall. | D93: LIC | E93: m2 | F93: 87 | H93: =G93*F93 -> 0
A94: H.6.5 | C94: One brick walls above wall plate level | D94: LIC | E94: m2 | F94: 17 | H94: =G94*F94 -> 0
B95: PSPB
A96: H.7 | C96: BRICKWORK SUNDRIES
B97: 8.2.17
C98: Brick reinforcement
A100: H.7.1 | C100: 75mm 'Brick force' into Half Brick walls | D100: LIC | E100: m | F100: 120 | H100: =G100*F100 -> 0
A101: H.7.2 | C101: 150mm 'Brick force' into One Brick walls | D101: LIC | E101: m | F101: 450 | H101: =G101*F101 -> 0
A102: H.7.3 | C102: 150mm 'Brick force' into One Brick walls in foundations (Provisional) | D102: LIC | E102: m | F102: 210 | H102: =G102*F102 -> 0
A103: H.7.4 | C103: 75mm 'Brick force' into half Brick walls in foundations (Provisional) | E103: m | F103: 64 | H103: =G103*F103 -> 0
H104: =G104*F104 -> 0
C105: Pre-stressed fabricated lintels
A106: H.7.5 | C106: 110 x 75 mm Lintels in lengths not exceeding 3 m | D106: LIC | E106: m | F106: 16 | H106: =G106*F106 -> 0
C108: Turning pieces
A109: H.7.6 | C109: Turning piece not exceeding 300mm wide 30 x 1.6mm Galvanized hoop iron ties, etc | D109: LIC | E109: m | F109: 8 | H109: =G109*F109 -> 0
A111: H.7.7 | B111: 8.2.13 | C111: Roof tie 1500 mm long with one end fixed to timber and other end built into brickwork | D111: LIC | E111: No | F111: 22 | H111: =G111*F111 -> 0
A113: H.8 | C113: FACE BRICKWORK | H113: =G113*F113 -> 0
C114: External face brickwork in "Corobrik" facings in stretcher bond with square recessed and ruled joints
A116: H.8.1 | C116: Extra over ordinary brickwork for facing in "AB Brickworks Semi face Brown" semi face brick pointed with square recessed horizontal and vertical joints in foundation (Provisional) | D116: LIC | E116: m2 | F116: 34 | H116: =G116*F116 -> 0
A118: H.8.2 | C118: Extra over ordinary brickwork for facing in "AB Brickworks Semi face Brown" semi face brick pointed with square recessed horizontal and vertical joints in superstructure | D118: LIC | E118: m2 | F118: 105 | H118: =G118*F118 -> 0
A120: H.8.3 | C120: Ditto in beam filling | D120: LIC | E120: m2 | F120: 17 | H120: =G120*F120 -> 0
C122: SUB-TOTAL CARRIED FORWARD | H122: =SUM(H59:H111) -> 0
C124: brought forward | H124: =H122 -> 0
A126: H.8.4 | C126: Brick-on-edge cill set sloping and slightly projecting, built fair and pointed on top, front end and projecting soffit and incl. fair raking cutting to brickwork under or dubbing up solid in cement mortar and cutting and fitting between reveals. | D126: LIC | E126: m | F126: 8 | H126: =G126*F126 -> 0
A128: H.8.5 | C128: Soldier course lintel built fair and pointed on 220mm high side and 110mm wide soffit and including cutting and fitting between reveals. | D128: LIC | E128: m | F128: 8 | H128: =G128*F128 -> 0
A130: H.9 | C130: DAMP PROOFING OF WALLS AND FLOORS
C132: One layer of 375 micron "Consol Plastics Brikgrip DPC" embossed damp proof course | H132: =G132*F132 -> 0
A134: H.9.1 | C134: Under surface beds | D134: LIC | E134: m2 | F134: 55 | H134: =G134*F134 -> 0
C136: One layer of 250 micron "Consol Plastics Gunplas USB Green" waterproof sheeting sealed at laps with "Gunplas Pressure Sensitive Tape"
A138: H.9.2 | C138: In walls | D138: LIC | E138: m2 | F138: 8 | H138: =G138*F138 -> 0
A139: H.9.3 | C139: In cills, etc. | D139: LIC | E139: m2 | F139: 3 | H139: =G139*F139 -> 0
H140: =G140*F140 -> 0
A141: H.10 | C141: JOINT SEALANTS, ETC | H141: =G141*F141 -> 0
...

Sheet SEC - I
A1: ='[1]SEC-A'!A1 -> CLIENT: KOPANONG LOCAL MUNICIPALITY
A2: ='[1]SEC-A'!A2 -> CONTRACT NO. MIG/FS1184/CF/17/19
A3: ='[1]SEC-A'!A3 -> UPGRADING OF PHILIPPOLIS SPORTS FACILITY
A4: ='[1]SEC-A'!A4 -> ENGINEER: SOLENG (PTY) LTD
A5: SCHEDULE I: FENCING & DETAILS
A7: ITEM | B7: PAYMENT | C7: DESCRIPTION | D7: LIC | E7: UNIT | F7: QTY | G7: RATE | H7: AMOUNT
A8: NO | B8: CLAUSE
A10: I.1 | B10: SANS
B11: 1200C | C11: SITE CLEARANCE
A12: I.1.1 | C12: Clear and grub strip 0.5m to 1 m wide for fence | D12: LIC | E12: m² | F12: 250 | H12: =G12*F12 -> 0
B14: 8.2.2 | C14: REMOVE AND GRUB LARGE TREES AND TREE STUMPS OF GIRTH
A15: I.1.2 | B15: (a) | C15: over 1 m and up to 2 m | E15: no | F15: 1 | H15: =G15*F15 -> 0
A16: I.1.3 | B16: 8.2.4 | C16: Reclear surfaces (provisional) (where ordered by the Engineer) | D16: LIC | E16: m² | F16: 20 | H16: =G16*F16 -> 0
B18: SANS | C18: EARTHWORKS
B19: 1200D
A20: I.2 | B20: 8.3.2 | C20: EXCAVATION
C22: RESTRICTED EXCAVATION
A24: I.2.1 | C24: Excavate for holes, backfill and cart away unwanted material. | E24: m³ | F24: 15 | H24: =G24*F24 -> 0
B26: 8.3.3(b) | C26: EXTRA OVER ITEMS I.2.2 to I.2.5 FOR EXCAVATIONS IN:
A28: I.2.2 | C28: hard Intermediate material | E28: m³ | F28: 5 | H28: =G28*F28 -> 0
A29: I.2.3 | C29: hard rock material | E29: m³ | F29: 1 | H29: =G29*F29 -> 0
A31: I.3 | C31: CONCRETE
C33: STRENGTH CONCRETE 20/19
A35: I.3.1 | C35: 10MPa Concrete casted against concerete poles | E35: m³ | F35: 15 | H35: =G35*F35 -> 0
A36: I.3.2 | C36: 10MPa Concrete beam barrier casted underneath Clear view fence. The rate shall include shattering and making neat all edges of concrete, for which corners shall be chamfered to 25mm x 25mm | E36: m³ | F36: =140*0.15*0.15 -> 3.15 | H36: =G36*F36 -> 0
A38: I.4 | B38: PA8.2 | C38: SUPPLY AND ERECT NEW FENCE
A40: I.4.1 | C40: 1400 x 2400mm high precast concete panel fence complete with slabs and poles casted into concrete. | D40: LIC | E40: No | F40: 65 | H40: =G40*F40 -> 0
A41: I.4.2 | C41: 3050 x 2100mm high Medium security PVC coated welded mesh Clear View Type fence including all required fence posts, The fence shall be of Anti-Cut Non-penetratable mesh, fitted with Unti-Tamper Locks at gates and spikes across the lenth of the fencing. | D41: LIC | E41: m | F41: 140 | H41: =G41*F41 -> 0
C43: REPLACEMENT OF MISSING/ DAMAGED CONCRETE SLABS
A45: I.4.3 | C45: 1400 X 300mm precast concrete slabs as per manufacturer's specialist | D45: LIC | E45: no | F45: 30 | H45: =G45*F45 -> 0
A47: I.5 | B47: PA8.3 | C47: SUPPLY AND ERECT NEW GATES
A49: I.5.1 | C49: 12m x 2100mm high Medium security clear view vehicular sliding gate complete with rails and posts casted into concrete. This rate to include complete installation for both Concrete Fence and Clearview fencing. | D49: LIC | E49: no | F49: 2 | H49: =G49*F49 -> 0
A50: I.5.2 | C50: 1200mm x 2400mm high Medium security clear view pedestrian gate complete with all hinges and posts casted into concrete. This rate to include complete installation for both Concrete Fence and Clearview fencing. | D50: LIC | E50: no | F50: 3 | H50: =G50*F50 -> 0
A52: I.6 | B52: PA 8.5 | C52: DISMANTLE EXISTING FENCE & GATES
A54: I.6.1 | C54: dismantle existing fence, relocate and re-install at new position | E54: sum | F54: 1 | H54: =G54*F54 -> 0
C55: within 0,5km radius of site.
C57: TOTAL FOR SECTION C (CARRIED FORWARD TO SUMMARY) | H57: =SUM(H10:H55) -> 0
